 Dungeon Crawl Stone Soup version 0.29-a0-214-g17f627cfee (webtiles) character file.

Game seed: 9545643417804923281

20 sammy202020 the Skirmisher (level 2, 0/36 HPs)
             Began as a Demonspawn Berserker on Feb 25, 2022.
             Was a Follower of Trog.
             Slain by an adder (3 damage)
             ... on level 2 of the Dungeon.
             The game lasted 00:02:27 (1147 turns).

sammy202020 the Skirmisher (Demonspawn Berserker)   Turns: 1147, Time: 00:02:28

Health: 0/36       AC:  8    Str: 17    XL:     2   Next: 58%
Magic:  2/2        EV:  7    Int:  8    God:    Trog [*.....]
Gold:   71         SH:  0    Dex: 12    Spells: 1/1 levels left

rFire   . . .      SeeInvis .   a - +0 hand axe
rCold   . . .      Faith    .   (no shield)
rNeg    . . .      Spirit   .   f - +0 chain mail
rPois   .          Reflect  .   (no helmet)
rElec   .          Harm     .   (no cloak)
rCorr   .          Rampage  .   (no gloves)
Will    .....                   (no boots)
Stlth   ..........              (no amulet)
HPRegen 0.12/turn               (no ring)
MPRegen 0.16/turn               (no ring)

@: berserking, lethally poisoned (0 -> -4), very quick
A: magic regeneration
a: Renounce Religion, Berserk


You were on level 2 of the Dungeon.
You worshipped Trog.
Trog was aware of your devotion.
You visited 1 branch of the dungeon, and saw 2 of its levels.

You collected 71 gold pieces.

Inventory:

Hand Weapons
 a - a +0 hand axe (weapon)
Armour
 f - a +0 chain mail (worn)
Jewellery
 h - an amulet of magic regeneration
 k - a +4 ring of evasion
Scrolls
 d - 2 scrolls of identify {unknown}
 j - a scroll of enchant weapon {unknown}
Potions
 b - a potion of flight {unknown}
 c - a potion of mutation {unknown}
 e - a potion of berserk rage {unknown}
 g - a potion of invisibility {unknown}
 i - a potion of curing {unknown}


   Skills:
 + Level 3.2 Fighting
 + Level 2.9 Axes
 + Level 2.1 Armour
 + Level 2.1 Dodging


You had one spell level left.
You didn't know any spells.
Your spell library was empty.

Dungeon Overview and Level Annotations

Branches:
Dungeon (2/15)

Altars:


Innate Abilities, Weirdness & Mutations

You regenerate magic rapidly.


Message History

You feel sick. The adder bites you. x2
You are too injured to fight recklessly!
You are too injured to fight recklessly!
You are too injured to fight recklessly!
You are too injured to fight recklessly!
You are too injured to fight recklessly!
You are too injured to fight recklessly!
A red film seems to cover your vision as you go berserk!
You feel yourself moving faster!
You feel mighty!
You feel sick. The adder bites you but does no damage.
You miss the adder. You punch the adder.
The adder is lightly wounded.
You feel sick. The adder bites you but does no damage.
You hit the adder.
The adder is severely wounded.
You feel sick. The adder bites you.
* * * LOW HITPOINT WARNING * * *
You are lethally poisoned!
The adder poisons you!
You closely miss the adder.
The adder is severely wounded.
* * * LOW HITPOINT WARNING * * *
You feel sick. The adder bites you but does no damage.
You barely miss the adder.
The adder is severely wounded.
* * * LOW HITPOINT WARNING * * *
You feel sick. The adder completely misses you.
You barely miss the adder.
The adder is severely wounded.
* * * LOW HITPOINT WARNING * * *
You feel sick. The adder barely misses you.
You closely miss the adder.
The adder is severely wounded.
* * * LOW HITPOINT WARNING * * *
You feel sick. The adder bites you but does no damage.
You miss the adder.
The adder is severely wounded.
* * * LOW HITPOINT WARNING * * *
You feel sick. The adder bites you.
You die...

#. #.
#.######.
##.....#.
###.......##
...........#
#.......# .#
#....)..#...#
#...>.@S..#
#.##.##.#...#
#.# .# ## #.#
.# #)# .. #.#
## #.# #.#
#.#


You could see an adder.

Vanquished Creatures
  A dart slug (D:1)
  2 bats (D:1)
  3 endoplasms (D:1)
  3 goblins
  2 hobgoblins
  2 jackals (D:1)
  2 rats (D:2)
15 creatures vanquished.

Vanquished Creatures (others)
  2 withered plants (D:1)
2 creatures vanquished.

Grand Total: 17 creatures vanquished

Notes
Turn   | Place    | Note
-------+----------+-------------------------------------------
     0 | D:1      | sammy202020 the Demonspawn Berserker began the quest for
                  | the Orb.
     0 | D:1      | Reached XP level 1. HP: 18/18 MP: 1/1
   279 | D:1      | Found a faded altar of an unknown god.
   352 | D:1      | Gained mutation: You regenerate magic rapidly. [demonic
                  | ancestry]
   352 | D:1      | Reached XP level 2. HP: 23/24 MP: 2/2
  1147 | D:2      | Slain by an adder

Illustrated notes

Levels and vault maps discovered:
D:1:      eino_arrival_water_star, layout_basic,
          ebering_ecumenical_altar_petrified, grunt_decor_mini_mirrors
D:2:      layout_loops_ring

Skill      XL: |  1 |
---------------+----+-----
Armour         | 2 |  2.1
Dodging        | 2 |  2.1
Fighting       | |  3.2
Axes           | |  2.9

Action                   || total
-------------------------++-------
Melee: Hand axe          ||    81
       Punch             ||     1
Invok: Berserk           ||     2
Armor: Animal skin       ||     3
       Chain mail        ||    31
Dodge: Dodged            ||    41

Table legend: (Time is in decaauts)
 A = Elapsed time spent in this place.
 B = Non-inter-level travel time spent in this place.
 C = Inter-level travel time spent in this place.
 D = Time resting spent in this place.
 E = Time spent auto-exploring this place.
 F = Levels seen in this place.
 G = Mean time per level.
                   A        B        C        D        E       F      G
               +--------+--------+--------+--------+--------+-----+--------+
         Total |   1168 |   1152 |     16 |    173 |    709 |   2 |  584.0 |
       Dungeon |   1168 |   1152 |     16 |    173 |    709 |   2 |  584.0 |
               +--------+--------+--------+--------+--------+-----+--------+

Top non-repeatable levels by time:
     D:1: 874 daAuts
     D:2: 293 daAuts
